 Dungeon Crawl Stone Soup version 0.13.0-29-gdb529de (webtiles) character file.

171 KilgoreWolfe the Shield-Bearer (level 3, -5/24 HPs)
             Began as a Gargoyle Fighter on Nov 15, 2013.
             Slain by a gnoll
             ... wielding a +0,+0 halberd
              (7 damage)
             ... on Level 2 of the Dungeon.
             The game lasted 00:05:19 (881 turns).

KilgoreWolfe the Shield-Bearer (Gargoyle Fighter)    Turns: 881, Time: 00:05:20

HP  -5/24        AC 11     Str 20      XL: 3   Next: 58%
MP   2/2         EV  6     Int  8      God:
Gold 128         SH 18     Dex  9      Spells:  0 memorised,  2 levels left

Res.Fire  : . . .   See Invis. : .   a - +0 mace
Res.Cold  : . . .   Warding    : .   b - +0 scale mail
Life Prot.: + . .   Conserve   : .   c - +0 shield
Res.Poison: +       Res.Corr.  : .   (no helmet)
Res.Elec. : +       Clarity    : .   (no cloak)
Sust.Abil.: . .     Spirit.Shd : .   k - +0 pair of elf gauntlets
Res.Mut.  : .       Stasis     : .   (no boots)
Res.Rott. : +       Flight     : .   (no amulet)
Saprovore : . . .                    (no ring)
                                     (no ring)

@: not resistant to hostile enchantments, extremely unstealthy
A: fangs 1, talons 2, life protection 1, electricity resistance, slow metabolism
1, unbreathing, petrification resistance, AC +3
a: no special abilities


You were on level 2 of the Dungeon.
You were not hungry.

You visited 1 branch of the dungeon, and saw 2 of its levels.

You collected 108 gold pieces.

Inventory:

Hand weapons
 a - a +0,+0 mace (weapon)
Missiles
 i - 14 poisoned needles
 n - a dart (quivered)
Armour
 b - a +0 scale mail (worn)
 c - a +0 shield (worn)
 k - a +0 pair of elven gauntlets (worn)
Comestibles
 d - 2 bread rations
 f - 2 meat rations
 m - an apple
Scrolls
 e - a scroll of enchant weapon II {unknown}
 h - 4 scrolls of remove curse {unknown}
Jewellery
 g - an uncursed amulet of the gourmand {unknown}
Potions
 j - a potion of speed


   Skills:
 + Level 3.8 Fighting
 * Level 2.3 Maces & Flails
 + Level 3.5 Armour
 + Level 0.4 Dodging
 * Level 0.8 Stealth
 + Level 3.8 Shields


You had 2 spell levels left.
You didn't know any spells.

Dungeon Overview and Level Annotations

Branches:
Dungeon (2/27)

Altars:


Innate Abilities, Weirdness & Mutations

You are resistant to torment.
You are immune to poison.
Your stone body is very resilient (AC +3).
You have very sharp teeth.
You have razor-sharp toenails.
You resist negative energy.
You are resistant to electric shocks.
You have a slow metabolism.
You can survive without breathing.
You are immune to petrification.


Message History

You thump the gnoll!
You kill the gnoll!
The gnoll hits you from afar with a spear.
You block the gnoll's attack. The gnoll barely misses you.
You block the gnoll's attack. The gnoll hits you but does no damage.
You see here a flail.
You hit the gnoll. Your kick misses the gnoll.
The gnoll is lightly wounded.
The gnoll hits you with a halberd!
* * * LOW HITPOINT WARNING * * *
The gnoll completely misses you. The gnoll hits you but does no damage.
You sock the gnoll! Your kick misses the gnoll.
The gnoll is severely wounded.
The gnoll hits you with a halberd.
* * * LOW HITPOINT WARNING * * *
The gnoll hits you with a spear.
* * * LOW HITPOINT WARNING * * *
The gnoll hits you with a halberd!
You die...

#..........###.#.....#
#....>.....# #.'.....#
#..........# ###.....+
#..........# #.....#
#..........# #.....#
#########.## ##'####
##.......# #.%..#
##+## ###...g...##
#####.##
.....?.##.'...g@..#
#......#
.......'..#...g%..+
#.......
.......####.......#
#......# ...>.
#.......# #......#
.... #.......#
#.##......# ...
#.......# #.........#
. ######+## ###......#
####.### #..#


You could see 3 gnolls.

Vanquished Creatures
  An adder (D:2)
  A gnoll (D:2)
  A giant gecko (D:1)
  4 goblins
  3 hobgoblins (D:1)
  3 jackals (D:1)
  5 kobolds
  A quokka (D:2)
  3 bats
  2 giant cockroaches (D:1)
  3 giant newts
27 creatures vanquished.

Notes
Turn   | Place    | Note
--------------------------------------------------------------
     0 | D:1      | KilgoreWolfe, the Gargoyle Fighter, began the quest for the Orb.
     0 | D:1      | Reached XP level 1. HP: 14/14 MP: 0/0
   155 | D:1      | Reached XP level 2. HP: 17/19 MP: 1/1
   769 | D:2      | Reached XP level 3. HP: 22/24 MP: 2/2
   871 | D:2      | Paralysed by a potion of paralysis for 5 turns
   881 | D:2      | Slain by a gnoll

Action                   || total
-------------------------++-------
Melee: Mace              ||    76
  Use: Potion            ||     4
